 Dungeon Crawl Stone Soup version 0.25.0-26-g0c896c7088 (webtiles) character file.

Game seed: 14723976548032997370

183710 makemesuffer the Tortoise (level 18, -37/142 HPs)
             Began as a Barachi Fighter on July 2, 2020.
             Was an Initiate of Gozag.
             Killed from afar by a deep elf annihilator (49 damage)
             ... with a crystal spear
             ... on level 3 of the Elven Halls.
             The game lasted 02:03:43 (43172 turns).

makemesuffer the Tortoise (Barachi Fighter)        Turns: 43172, Time: 02:03:49

Health: -37/142    AC: 43    Str: 21    XL:     18   Next: 38%
Magic:  0/28       EV: 14    Int: 17    God:    Gozag
Gold:   3334       SH: 14    Dex: 19    Spells: 17/17 levels left

rFire    . . .     SeeInvis .   Q - +7 double sword (holy)
rCold    + . .     Gourm    .   Z - +0 kite shield {rN+}
rNeg     + . .     Faith    .   r - +8 plate armour of Moral Flaws {+Blink Int+3 Dex+4}
rPois    .         Spirit   +   N - +2 helmet
rElec    +         Reflect  .   c - +1 cloak {rC+}
rCorr    .         Harm     .   h - +0 pair of gloves
MR       ++...                  D - +0 pair of boots of Qabiun {MR+ Int+4} (curse)
Stlth    ..........             R - amulet "Saezxysu" {Spirit rElec Slay+4}
HPRegen  0.33/turn              X - +4 ring of protection
MPRegen  0.21/turn              t - +4 ring of protection

@: mighty, about to teleport, gold aura, hasted, quick
A: +LOS, swims, slowness 1, strong legs 2
a: Hop, Potion Petition, Call Merchant, Bribe Branch, Renounce Religion, Evoke
Blink


You were on level 3 of the Elven Halls.
You worshipped Gozag.
Gozag was most pleased with you.
You were not hungry.

You visited 5 branches of the dungeon, and saw 27 of its levels.
You also visited: Bailey and Ice Cave.

You collected 11192 gold pieces.
You spent 4157 gold pieces at shops.
You paid 3701 gold pieces to Gozag.

Inventory:

Hand Weapons
 Q - a +7 double sword of holy wrath (weapon)
Missiles
 m - 134 boomerangs
 x - 45 poisoned darts
 z - a javelin (quivered)
 W - 2 throwing nets
Armour
 c - a +1 cloak of cold resistance (worn)
 h - a +0 pair of gloves (worn)
 r - the +8 plate armour of Moral Flaws (worn) {+Blink Int+3 Dex+4}
   (You bought it in a shop on level 9 of the Dungeon)

   It affects your intelligence (+3).
   It affects your dexterity (+4).
   It lets you blink.
 D - the cursed +0 pair of boots of Qabiun (worn) {MR+ Int+4}
   (You bought it in a shop on level 2 of the Orcish Mines)

   It affects your intelligence (+4).
   It affects your resistance to hostile enchantments.
   It has a curse placed upon it.
 N - a +2 helmet (worn)
 Z - a +0 kite shield of positive energy (worn)
Jewellery
 n - an uncursed ring of protection from fire
 t - a +4 ring of protection (right hand)
 y - an uncursed ring of protection from fire
 R - the amulet "Saezxysu" (around neck) {Spirit rElec Slay+4}
   (You bought it in a shop on level 1 of the Orcish Mines)

   [amulet of guardian spirit]

   It causes incoming damage to be split between your health and magic.
   It affects your accuracy and damage with ranged weapons and melee attacks
   (+4).
   It insulates you from electricity.
 X - a +4 ring of protection (left hand)
Wands
 a - a wand of enslavement (7)
 b - a wand of iceblast (3)
 q - a wand of paralysis (20)
 w - a wand of polymorph (20)
 G - a wand of digging (15)
 I - a wand of clouds (5)
 P - a wand of disintegration (13)
 Y - a wand of acid (21)
Scrolls
 i - a scroll of identify
 j - 10 scrolls of remove curse
 k - 3 scrolls of immolation
 o - 2 scrolls of blinking
 p - 6 scrolls of teleportation
 s - 2 scrolls of fog
 E - 2 scrolls of brand weapon {unknown}
 L - 2 scrolls of fear
Potions
 d - 2 potions of might
 e - a potion of invisibility
 g - 2 potions of haste
 l - 8 potions of resistance
 u - 6 potions of flight
 v - 6 potions of cancellation
 A - 11 potions of curing
 B - 4 potions of magic
 F - 3 potions of lignification
 H - 5 potions of mutation
 K - a potion of berserk rage
 O - 5 potions of heal wounds
 S - 3 potions of stabbing
 U - 7 potions of ambrosia
Miscellaneous
 C - a lightning rod (4/4)
 M - a tin of tremorstones (3/3)
Comestibles
 f - 24 rations


   Skills:
 - Level 12.6 Fighting
 - Level 16.2 Long Blades
 - Level 14.0 Throwing
 - Level 16.9 Armour
 - Level 11.4 Dodging
 - Level 15.0 Shields
 + Level 14.0 Evocations


You had 17 spell levels left.
You didn't know any spells.
Your spell library contained the following spells:

 Spells                   Type           Power        Failure   Level  Hunger
 Animate Skeleton         Necr           N/A          91%         1    ##.....
 Apportation              Tloc           #.....       91%         1    ##.....
 Corona                   Hex            #......      91%         1    ##.....
 Sandblast                Erth           #.....       91%         1    ##.....
 Summon Small Mammal      Summ           #...         91%         1    ##.....
 Call Imp                 Summ           #.......     97%         2    ###....
 Ensorcelled Hibernation  Hex/Ice        #.....       97%         2    ###....
 Passwall                 Tmut/Erth      #.......     97%         2    ###....
 Call Canine Familiar     Summ           #.......     99%         3    ####...
 Confusing Touch          Hex            #.......     99%         3    ####...
 Conjure Flame            Conj/Fire      #.......     99%         3    ####...
 Dazzling Flash           Conj/Hex       #.....       99%         3    ####...
 Stone Arrow              Conj/Erth      #.....       99%         3    ####...
 Summon Guardian Golem    Hex/Summ       #.......     99%         3    ####...
 Tukima's Dance           Hex            #.......     99%         3    ####...
 Cause Fear               Hex            #.........   100%        4    #####..
 Ice Form                 Ice/Tmut       #.......     100%        4    #####..
 Petrify                  Tmut/Erth      #.......     100%        4    #####..
 Summon Ice Beast         Ice/Summ       #.......     100%        4    #####..
 Summon Lightning Spire   Summ/Air       #.......     100%        4    #####..
 Bolt of Magma            Conj/Fire/Erth #.........   100%        5    ######.
 Iskenderun's Battlesphe  Conj/Chrm      #.......     100%        5    ######.
 Lee's Rapid Deconstruct  Erth           #.........   100%        5    ######.
 Metabolic Englaciation   Hex/Ice        #.........   100%        5    ######.
 Silence                  Hex/Air        #.........   100%        5    ######.
 Yara's Violent Unravell  Hex/Tmut       #.........   100%        5    ######.
 Freezing Cloud           Conj/Ice/Air   #.........   100%        6    #######
 Iron Shot                Conj/Erth      #.........   100%        6    #######
 Ozocubu's Refrigeration  Ice            #.........   100%        6    #######
 Simulacrum               Ice/Necr       #.........   100%        6    #######
 Orb of Destruction       Conj           #.........   100%        7    #######
 Spellforged Servitor     Conj/Summ      #.........   100%        7    #######
 Discord                  Hex            #.........   100%        8    #######
 Shatter                  Erth           #.........   100%        9    #######


Dungeon Overview and Level Annotations

Branches:
Dungeon (15/15)            Temple (1/1) D:6            Lair (6/6) D:10
  Swamp (0/4) Lair:3        Snake (0/4) Lair:3        Slime (0/5) Lair:6
    Orc (2/2) D:12            Elf (3/3) Orc:2        Vaults (0/5) D:13
 Depths (0/5) D:15         Bailey (visited)           IceCv (visited)

Altars:
Cheibriados
Dithmenos
Elyvilon
Fedhas
Gozag
Hepliaklqana
Kikubaaqudgha
Makhleb
Nemelex Xobeh
Qazlal
Sif Muna
Trog
Vehumet
Xom
Zin

Shops:
D:8 [   D:9 [   Orc:1 =   Orc:2 =**([*[(*   Elf:2 *   Elf:3 (

Annotations:
D:15 Roxanne
Elf:2 6 runed translucent doors


Innate Abilities, Weirdness & Mutations

You can be seen from farther away. (+LOS)
You can swim through water.
You cover ground slowly.
You can hop long distances.


Message History

The deep elf annihilator gestures at you while chanting.
The crystal spear hits you!!!
* * * LOW HITPOINT WARNING * * *
A deep elf elementalist comes into view.
It is wielding a +0 short sword.
You completely miss the deep elf annihilator.
The deep elf annihilator is almost dead.
The deep elf annihilator points at you and mumbles some strange words.
The poison arrow hits you!!
You are poisoned.
* * * LOW HITPOINT WARNING * * *
Unknown command.
You feel better.
Unknown command.
You open the deep elf annihilator like a pillowcase!!!
You kill the deep elf annihilator!
Your Evocations skill increases to level 14!
The deep elf annihilator gestures at you while chanting.
The crystal spear hits you!!!
You die...
Your body crumbles into a pile of gold.

#################################
.................................
.................................
#####'#######'##############'####
..#.......#.........('...........
..#.......#..........#.......)...
..'.......'......e..(#...........
##############..$e$...###########
#..@#.#ยง.# #...#e# ##..#.#
##.#.# #.#e# ***** ###.# ****
***,,,*** **#e#** ***,,,
**,,,,,,,*** **#.e...#** ***,,,,,
*,,,,,,,,,,**#.........#**,,,,,,,


You could see a deep elf annihilator and a deep elf elementalist (repels
missiles).

Vanquished Creatures
  Saint Roka (Orc:2)
  Rupert (Lair:6)
  Jorgrun (Orc:1)
  2 deep elf blademasters (Elf:3)
  A deep elf master archer (Elf:3)
  Gastronok (D:8)
  5 deep elf elementalists
  Aizul (Elf:1)
  An orc warlord (Orc:2)
  2 deep elf sorcerers
  A stone giant (Orc:1)
  A dire elephant (Lair:6)
  A deep elf annihilator (Elf:3)
  Josephine (Orc:1)
  A deep elf death mage (Elf:3)
  A yaktaur captain (D:15)
  An ogre mage (D:15)
  Snorg (Lair:6)
  Fannar (D:12)
  Erolcha (Orc:2)
  A deep elf high priest (Elf:1)
  8 hydras
  A catoblepas (Lair:6)
  5 two-headed ogres
  3 centaur warriors
  12 death yaks (Lair:6)
  A tengu warrior (D:14)
  A deep troll shaman (Lair:6)
  3 orc high priests (Orc:2)
  Urug (Lair:6)
  Nergalle (D:11)
  20 deep elf knights
  2 skeletal warriors
  A hell knight (D:15)
  An unseen horror (shapeshifter) (D:13)
  An unseen horror (D:15)
  An orange crystal statue (Elf:3)
  8 deep elf archers
  7 orc knights
  Pikel (D:5)
  A necromancer (D:13)
  11 ugly things (D:15)
  56 deep elf magi
  2 manticores
  3 oklob plants
  10 orc sorcerers
  7 cyclopes
  3 black mambas
  8 elephants (Lair:6)
  2 torpor snails
  3 centaur zombies
  Maggie (D:8)
  A gargoyle (D:10)
  6 rime drakes (Lair:5)
  13 spiny frogs
  5 centaur skeletons
  5 komodo dragons
  2 ice devils (Lair:2)
  2 kobold demonologists (D:14)
  A harpy zombie (D:12)
  10 trolls
  11 polar bears
  A tengu conjurer (D:14)
  A queen bee (Lair:1)
  10 slime creatures
  A hornet (D:13)
  A harpy skeleton (D:14)
  9 dream sheep
  27 blink frogs
  16 hippogriffs
  2 redbacks (D:13)
  A spriggan (D:8)
  2 air elementals
  4 wraiths
  43 yaks
  3 vampires
  2 hungry ghosts (D:10)
  5 basilisks
  A tarantella (D:13)
  3 fire elementals
  10 wyverns
  2 water elementals
  10 vampire mosquitoes
  6 nagas (Lair:3)
  3 wargs
  2 acid dragons (D:15)
  A soldier ant (D:11)
  18 water moccasins
  A hell hound (Lair:5)
  8 porcupines
  An ice beast (D:10)
  A black bear (shapeshifter) (Elf:2)
  8 phantoms
  52 orc warriors
  3 necrophages
  3 black bears
  An eye of draining (D:14)
  5 sky beasts
  15 ogres
  21 wolves
  15 centaurs
  3 big kobolds (D:14)
  20 crocodiles
  23 bullfrogs
  6 earth elementals
  6 scorpions
  28 killer bees
  A water moccasin skeleton (D:7)
  14 wights
  8 howler monkeys
  6 electric eels
  7 crimson imps
  2 quasits (D:5)
  A bullfrog zombie (D:12)
  8 hounds
  42 orc priests
  5 jellies
  35 orc wizards
  2 bullfrog skeletons
  Terence (D:2)
  12 worker ants
  2 killer bee zombies
  A hound zombie (D:8)
  A hound skeleton (D:5)
  16 adders
  24 gnolls
  3 howler monkey skeletons
  2 shadow imps
  An adder zombie (D:6)
  An adder skeleton (D:7)
  4 worms
  2 dart slugs
  7 leopard geckos
  119 orcs
  6 bats
  5 giant cockroaches
  8 goblins
  19 hobgoblins
  6 jackals
  21 kobolds
  8 quokkas
  2 ball pythons
  2 frilled lizards
  2 jackal skeletons
  2 leopard gecko skeletons
  5 rats
  A fungus (Lair:3)
  2 plants (Lair:6)
1088 creatures vanquished.

Vanquished Creatures (others)
  12 dancing weapons
  A slave (D:5)
  A hound skeleton (D:5)
  An orc (D:5)
  21 fungi
  6 plants
42 creatures vanquished.

Grand Total: 1130 creatures vanquished

Notes
Turn   | Place    | Note
-------+----------+-------------------------------------------
     0 | D:1      | makemesuffer the Barachi Fighter began the quest for the
                  | Orb.
     0 | D:1      | Reached XP level 1. HP: 18/18 MP: 1/1
   161 | D:1      | Reached XP level 2. HP: 23/24 MP: 2/2
   776 | D:1      | Reached XP level 3. HP: 16/29 MP: 3/3
   996 | D:2      | Reached skill level 5 in Long Blades
  1119 | D:2      | Reached XP level 4. HP: 31/36 MP: 4/4
  1191 | D:2      | Noticed a phantom
  1224 | D:2      | Killed a phantom
  1224 | D:2      | Reached XP level 5. HP: 20/41 MP: 5/5
  1864 | D:2      | Noticed Terence
  1884 | D:2      | Killed Terence
  1884 | D:2      | Reached XP level 6. HP: 36/47 MP: 6/6
  2997 | D:3      | Found a snail-covered altar of Cheibriados.
  3016 | D:3      | Reached skill level 5 in Shields
  3444 | D:3      | Reached XP level 7. HP: 52/52 MP: 7/7
  3860 | D:4      | Reached skill level 1 in Throwing
  4216 | D:4      | Noticed Eustachio
  4223 | D:4      | Noticed Eustachio
  4223 | D:4      | Eustachio changed into Eustachio the wyvern
  4228 | D:4      | Killed Eustachio the wyvern
  4228 | D:4      | Reached XP level 8. HP: 45/59 MP: 8/8
  4302 | D:4      | Found a white marble altar of Elyvilon.
  4381 | D:4      | Reached skill level 5 in Fighting
  4571 | D:5      | Entered Level 5 of the Dungeon
  4605 | D:5      | Noticed Pikel
  4627 | D:5      | Killed Pikel
  4696 | D:5      | Reached skill level 10 in Long Blades
  4847 | D:5      | Reached XP level 9. HP: 68/68 MP: 9/9
  6034 | D:6      | Found a staircase to the Ecumenical Temple.
  6218 | Temple   | Entered the Ecumenical Temple
  6230 | Temple   | Became a worshipper of Gozag Ym Sagoz the Greedy
  6778 | D:7      | Got a dazzling leather armour
  6797 | D:7      | Identified the cursed +1 leather armour of Darkness {rN+++
                  | MR- Int+3} (You found it on level 7 of the Dungeon)
  7059 | D:7      | Reached XP level 10. HP: 73/74 MP: 10/10
  7511 | D:8      | Found Oprip's Armour Shop.
  7529 | D:8      | Noticed Gastronok
  8038 | D:8      | Reached skill level 10 in Shields
  8055 | D:8      | Noticed Maggie
  8591 | D:8      | Killed Maggie
  9709 | D:8      | Reached skill level 5 in Armour
  9817 | D:8      | Killed Gastronok
  9817 | D:8      | Reached XP level 11. HP: 26/86 MP: 11/11
  9822 | D:8      | Bought a +1 pair of boots for 172 gold pieces
 10359 | D:9      | Found Zotod's Armour Boutique.
 10460 | D:9      | HP: 1/86 [something/vampiric draining (13)]
 11878 | D:10     | Entered Level 10 of the Dungeon
 12506 | D:10     | Found a shadowy altar of Dithmenos.
 12983 | D:10     | Found a staircase to the Lair.
 13399 | D:11     | Noticed Nergalle
 13416 | D:11     | Noticed a spectral orc warlord
 13416 | D:11     | Killed Nergalle
 13783 | D:11     | Reached XP level 12. HP: 78/90 MP: 12/12
 14496 | D:12     | Identified the Almanac of Dusty Heat
 14650 | D:12     | Noticed Fannar
 14800 | D:12     | Killed Fannar
 14927 | D:12     | Noticed an eight-headed hydra
 15033 | D:12     | Reached skill level 1 in Evocations
 15600 | D:12     | Killed an eight-headed hydra
 16018 | D:12     | Reached skill level 5 in Evocations
 16083 | D:12     | Found a staircase to the Orcish Mines.
 16758 | Orc:1    | Entered Level 1 of the Orcish Mines
 16954 | Orc:1    | Found Yskud's Jewellery Boutique.
 16955 | Orc:1    | Noticed a stone giant
 17071 | Lair:1   | Entered Level 1 of the Lair of Beasts
 17251 | Lair:1   | Reached skill level 5 in Throwing
 17833 | Lair:1   | Gained mutation: You can hop long distances. [Barachi
                  | growth]
 17833 | Lair:1   | Reached XP level 13. HP: 73/96 MP: 18/18
 18331 | Lair:2   | Reached skill level 10 in Throwing
 18454 | Lair:2   | Found a frozen archway.
 18549 | IceCv    | Entered an ice cave
 18958 | IceCv    | Found the +8 glaive of the Guard {elec, +Rage AC+5 SInv}
 19085 | IceCv    | Noticed a frost giant
 19389 | Lair:2   | Reached skill level 10 in Fighting
 21379 | Lair:3   | Found a staircase to the Snake Pit.
 21753 | Lair:3   | Reached skill level 15 in Shields
 22286 | Lair:3   | Found a staircase to the Swamp.
 22803 | Lair:4   | Reached XP level 14. HP: 86/109 MP: 19/19
 24023 | Lair:4   | Reached skill level 10 in Armour
 26084 | Lair:6   | Entered Level 6 of the Lair of Beasts
 26321 | Lair:6   | Found a staircase to the Slime Pits.
 26827 | Lair:6   | Reached skill level 10 in Evocations
 27192 | Lair:6   | Reached skill level 1 in Dodging
 27394 | Lair:6   | Noticed Rupert
 27394 | Lair:6   | Paralysed by Rupert for 4 turns
 27403 | Lair:6   | Paralysed by Rupert for 3 turns
 27409 | Lair:6   | Killed Rupert
 27409 | Lair:6   | Reached XP level 15. HP: 57/115 MP: 22/22
 27615 | Lair:6   | Noticed Urug
 27640 | Lair:6   | Killed Urug
 27640 | Lair:6   | Reached skill level 5 in Dodging
 27863 | Lair:6   | Noticed Snorg
 27877 | Lair:6   | Killed Snorg
 28781 | Lair:6   | Reached skill level 15 in Long Blades
 29016 | Lair:6   | Found the +8 storm bow {elec, penet}
 29601 | Orc:1    | Paralysed by an orc sorcerer for 4 turns
 29948 | Orc:1    | Bought the amulet "Saezxysu" {Spirit rElec Slay+4} for 972
                  | gold pieces
 30420 | Orc:2    | Entered Level 2 of the Orcish Mines
 30423 | Orc:2    | Noticed Jorgrun
 30643 | Orc:2    | Noticed Josephine
 30732 | Orc:1    | Killed Jorgrun
 30823 | Orc:1    | Killed Josephine
 31001 | Orc:2    | Found a staircase to the Elven Halls.
 31097 | Orc:2    | Found Zocotson's Assorted Antiques.
 31114 | Orc:2    | Bought a copper wand for 136 gold pieces
 31352 | Orc:2    | Noticed Erolcha
 31372 | Orc:2    | Killed Erolcha
 32365 | Orc:2    | Noticed an orc warlord
 32374 | Orc:2    | Paralysed by an orc sorcerer for 4 turns
 32384 | Orc:2    | Killed an orc warlord
 32410 | Orc:2    | Reached XP level 16. HP: 75/124 MP: 17/23
 32530 | Orc:2    | Noticed Saint Roka
 33198 | Orc:2    | Killed Saint Roka
 33970 | Orc:2    | Found Kiotaup's Antique Armour Shoppe.
 33971 | Orc:2    | Found Sainn's Antique Weapon Shoppe.
 33973 | Orc:2    | Found Qimagic's General Store.
 33973 | Orc:2    | Found Coawuuzy's Jewellery Emporium.
 33989 | Orc:2    | Bought a shiny helmet for 202 gold pieces
 34008 | Orc:2    | Bought a pair of ichor-stained boots for 380 gold pieces
 34018 | Orc:2    | Identified the cursed +0 pair of boots of Qabiun {MR+
                  | Int+4} (You bought it in a shop on level 2 of the Orcish
                  | Mines)
 34022 | Orc:2    | Bought a wand of paralysis (13) for 60 gold pieces
 34022 | Orc:2    | Bought a scroll of identify for 60 gold pieces
 34022 | Orc:2    | Bought a wand of iceblast (6) for 120 gold pieces
 34031 | Orc:2    | Bought a runed scimitar for 161 gold pieces
 34053 | Orc:2    | Bought a potion of heal wounds for 90 gold pieces
 34053 | Orc:2    | Bought a wand of acid (13) for 612 gold pieces
 34218 | D:9      | Bought the +8 plate armour of Moral Flaws {+Blink Int+3
                  | Dex+4} for 1192 gold pieces
 35047 | D:13     | Reached skill level 15 in Armour
 35239 | D:13     | Found a gate to the Vaults.
 35370 | D:14     | Found a flagged portal.
 35381 | Bailey   | Entered a bailey
 35847 | D:14     | Identified a scroll of acquirement
 37450 | D:15     | Entered Level 15 of the Dungeon
 37450 | D:15     | Identified Roxanne's Incunabulum of Transmutation
 37450 | D:15     | Noticed Roxanne
 37505 | D:15     | Paralysed by an ogre mage for 3 turns
 37556 | D:15     | Paralysed by an orc sorcerer for 4 turns
 38128 | D:15     | Reached skill level 10 in Dodging
 38196 | D:15     | Reached XP level 17. HP: 120/131 MP: 21/24
 38433 | D:15     | Found a staircase to the Depths.
 38671 | Elf:1    | Entered Level 1 of the Elven Halls
 39862 | Elf:1    | Noticed Aizul
 39877 | Elf:1    | Killed Aizul
 40881 | Elf:2    | Found a runed translucent gate.
 40881 | Elf:2    | Found a runed translucent gate.
 40885 | Elf:2    | Found a runed translucent gate.
 41102 | Elf:2    | Found a runed translucent gate.
 41102 | Elf:2    | Found a runed translucent gate.
 41103 | Elf:2    | Found a runed translucent gate.
 41105 | Elf:2    | Noticed a tentacled monstrosity
 41105 | Elf:2    | Noticed a tentacled monstrosity
 41127 | Elf:2    | Found Iginut's Assorted Antiques.
 41342 | Elf:3    | Entered Level 3 of the Elven Halls
 42064 | Elf:3    | Reached XP level 18. HP: 142/142 MP: 25/27
 42525 | Elf:3    | Found Nait's Weapon Emporium.
 43080 | Elf:3    | Noticed a deep elf master archer
 43101 | Elf:3    | Killed a deep elf master archer
 43110 | Elf:3    | Noticed a deep elf blademaster
 43111 | Elf:3    | Noticed a deep elf blademaster
 43124 | Elf:3    | Killed a deep elf blademaster
 43131 | Elf:3    | Killed a deep elf blademaster
 43170 | Elf:3    | HP: 4/142 [deep elf annihilator/poison arrow (21)]
 43172 | Elf:3    | Killed from afar by a deep elf annihilator

Illustrated notes

Levels and vault maps discovered:
D:1:      scummos_arrival_forest, layout_loops_ring
D:2:      layout_basic, uniq_terence
D:3:      layout_basic, lemuel_doored_altar
D:4:      layout_rooms, st_stairs_3, elyvilon_altar_3, uniq_eustachio
D:5:      layout_loops_cross, first_ration, uniq_pikel
D:6:      layout_rooms, temple_hall, st_stairs_1
D:7:      layout_cave_pods, serial_column_ruins, column_ruins_hut_ruined,
          column_ruins_hut, column_ruins_corridor_corner,
          column_ruins_open_tiny, column_ruins_columns_straight,
          column_ruins_corridor_dead_end, column_ruins_grid_4,
          column_ruins_open_tiny
D:8:      hangedman_cross_stitches, layout_cave_pools, serial_shops,
          nicolae_shop_trees, the_bakery, uniq_gastronok, uniq_maggie
D:9:      layout_cave_pools, serial_shops, shop_fountains
D:10:     layout_loops_corners, lair_entry_dummy, grunt_dithmenos_smoke
D:11:     layout_irregular_city, uniq_nergalle
D:12:     layout_irregular_city, david_orc_4, uniq_fannar
D:13:     layout_basic, david_vaults_4
D:14:     layout_loops_ring, enter_bailey_3, grunt_ministairs_4
D:15:     hangedman_depths_entry_civil_slaughter, layout_loops_ring,
          dk_noncrumbling_3, uniq_roxanne
Temple:   grunt_wide_crystal_templ
Lair:1:   layout_loops_ring, special_room [special_room_bee]
Lair:2:   layout_regular_city, portal_ice_cave_demonic_guard,
          beast_lair_carwin_2
Lair:3:   layout_regular_city, minmay_swamp_entry_swarm,
          minmay_snake_entry_guardpost_large
Lair:4:   layout_regular_city, serial_bayou_shore_a
Lair:5:   wander_river, layout_hall_layers, special_room
          [special_room_mythical_zoo]
Lair:6:   grunt_lair_end_beastmaster, layout_gridlike,
          minmay_slime_entry_oklob_open, uniq_snorg, uniq_rupert, uniq_urug
Orc:1:    layout_caves, serial_shops, shop, uniq_harold
Orc:2:    st_orc_congregation, layout_diamond_mine, serial_shops, shop,
          uniq_josephine, uniq_saint_roka, uniq_erolcha, uniq_jorgrun
Elf:1:    eino_elf_arrival_sip, layout_loops_cross,
          kennysheep_underground_church, uniq_aizul
Elf:2:    layout_onion_city, ploomutoo_gammafunk_ghost_potion_laboratory,
          serial_shops, nicolae_shop_behind_doors
Elf:3:    minmay_elf_hall, layout_geoelf_castle, serial_shops, shop,
          grunt_ministairs_9, minivault_16

Skill      XL: |  1  2  3  4  5  6  7  8  9 10 11 12 13 14 15 16 17 18 |
---------------+-------------------------------------------------------+-----
Long Blades    | 3 4 5 6 7 10 12 13 14 15 16 | 16.2
Shields        | 5 6 8 10 13 14 15 | 15.0
Throwing       | 4 8 10 13 14 | 14.0
Fighting       | 5 8 10 11 12 | 12.6
Armour         | 7 8 10 13 15 16 | 16.9
Evocations     | 7 10 12 14 | 14.0
Dodging        | 4 6 10 11 | 11.4

Action                   |  1- 3 |  4- 6 |  7- 9 | 10-12 | 13-15 | 16-18 || total
-------------------------+-------+-------+-------+-------+-------+-------++-------
Melee: Long sword        |    82 |   218 |    70 |   303 |    36 |       ||   709
       Rapier            |       |       |   241 |   929 |  1799 |   185 ||  3154
       Double sword      |       |       |       |       |       |   929 ||   929
       Scimitar          |       |       |       |       |       |   236 ||   236
Throw: Dart              |       |       |     2 |       |       |       ||     2
       Boomerang         |       |       |       |    22 |   155 |   118 ||   295
       Javelin           |       |       |       |       |    30 |    15 ||    45
Invok: Potion Petition   |       |       |       |     1 |       |       ||     1
       Call Merchant     |       |       |       |       |       |     4 ||     4
 Abil: Hop               |       |       |     1 |     4 |     7 |     3 ||    15
       Evoke Flight      |       |       |       |     1 |       |       ||     1
Evoke: Wand              |       |       |     1 |    21 |    36 |     8 ||    66
       Tin of tremorston |       |       |       |       |     4 |     1 ||     5
       Lightning rod     |       |       |       |       |     4 |     3 ||     7
  Use: Potion            |       |       |     1 |     8 |     2 |     5 ||    16
       Scroll            |       |       |     3 |    16 |     7 |    11 ||    37
 Stab: Distracted        |       |       |       |     5 |     7 |     5 ||    17
       Invisible         |       |       |       |     7 |       |       ||     7
       Petrified         |       |       |       |       |     5 |       ||     5
       Paralysed         |       |       |       |       |     4 |       ||     4
  Eat: Chunk             |     1 |     9 |    10 |       |       |       ||    20
       Ration            |       |       |     1 |    12 |    15 |    12 ||    40
Armor: Scale mail        |    40 |   112 |   143 |    57 |       |       ||   352
       Swamp dragon scal |       |       |       |   386 |   632 |    25 ||  1043
       Plate armour      |       |       |       |       |       |   441 ||   441
Dodge: Dodged            |    26 |    67 |    77 |   340 |   578 |   312 ||  1400
Block: Kite shield       |    43 |   104 |   139 |   688 |  1101 |   629 ||  2704
       Rpst.: Long sword |     7 |    16 |     1 |    24 |       |       ||    48
       Scimitar          |       |       |       |       |       |    13 ||    13
       Double sword      |       |       |       |       |       |    31 ||    31
